 Dungeon Crawl Stone Soup version 0.21.0 (webtiles) character file.

181074 Gigax the Grappler (level 17, -15/108 HPs)
             Began as an Octopode Monk on Jan 6, 2018.
             Was the Champion of Cheibriados.
             Killed from afar by Nikola (27 damage)
             ... with a chain lightning
             ... on level 3 of the Spider Nest.
             The game lasted 01:38:24 (30895 turns).

Gigax the Grappler (Octopode Monk)                 Turns: 30895, Time: 01:38:24

Health: -15/108    AC:  7    Str: 39    XL:     17   Next: 94%
Magic:  27/27      EV: 33    Int: 29    God:    Cheibriados [******]
Gold:   2070       SH: 25    Dex: 32    Spells: 20/26 levels left

rFire    . . .     SeeInvis +     - Unarmed
rCold    + . .     Gourm    .   l - +0 shield
rNeg     + + +     Faith    .   (helmet restricted)
rPois    +         Spirit   .   N - brooch of Shielding {Reflect SH+8}
rElec    .         Reflect  +   j - ring of see invisible
rCorr    +         Harm     .   r - +6 ring of slaying
MR       +++..                  D - ring of resist corrosion
Stlth    ++++......             U - ring of Wishful Thinking {rPois MR+ Str+3 Int-4 Dex+2}
HPRegen  0.28/turn              O - ring of protection from magic
MPRegen  0.20/turn              B - +4 ring of protection
                                T - ring of Spontaneous Combustion {EV+3 Str+2 Int+6}
                                K - ring "Viuf" {*Drain +Inv rC+ rN+++ Str+2}

@: very slow
A: almost no armour, stealthy swim, amphibious, 8 rings, constrict 8, tentacle
spike 1, yellow scales 1, camouflage 1, gelatinous body 1
}: 1/15 runes: decaying
a: Bend Time, Temporal Distortion, Slouch, Step From Time, Renounce Religion,
Evoke Invisibility


You were on level 3 of the Spider Nest.
You worshipped Cheibriados.
Cheibriados was exalted by your worship.
You were not hungry.

You visited 6 branches of the dungeon, and saw 31 of its levels.
You also visited: Labyrinth, Bailey and Ice Cave.

You collected 3698 gold pieces.
You spent 1628 gold pieces at shops.

Inventory:

Armour
 l - a +0 shield (worn)
 S - the +5 shield of Lugonu's Pride {rC+ Dex+6}
   (You found it in a labyrinth)

   It affects your dexterity (+6).
   It protects you from cold.
Magical Staves
 a - an uncursed staff of energy
 k - an uncursed staff of power
Jewellery
 j - a ring of see invisible (left tentacle)
 p - a +3 ring of evasion
 r - a +6 ring of slaying (right tentacle)
 s - an uncursed amulet of regeneration
 B - a +4 ring of protection (on tentacle)
 D - a ring of resist corrosion (on tentacle)
 K - the ring "Viuf" (on tentacle) {*Drain +Inv rC+ rN+++ Str+2}
   (You bought it in a shop on level 2 of the Orcish Mines)

   [ring of protection from cold]

   It affects your strength (+2).
   It protects you from cold.
   It renders you almost immune to negative energy.
   It lets you turn invisible.
   It causes draining when unequipped.
 N - the brooch of Shielding (around mantle) {Reflect SH+8}
   (You found it in an ice cave)

   [amulet of reflection]

   It shields you and reflects attacks.
   It affects your SH (+8).
 O - a ring of protection from magic (on tentacle)
 T - the ring of Spontaneous Combustion (on tentacle) {EV+3 Str+2 Int+6}
   (You bought it in a shop on level 2 of the Orcish Mines)

   [ring of evasion]

   It affects your evasion (+3).
   It affects your strength (+2).
   It affects your intelligence (+6).
 U - the ring of Wishful Thinking (on tentacle) {rPois MR+ Str+3 Int-4 Dex+2}
   (You bought it in a shop on level 2 of the Orcish Mines)

   [ring of dexterity]

   It affects your strength (+3).
   It affects your intelligence (-4).
   It affects your dexterity (+2).
   It protects you from poison.
   It affects your resistance to hostile enchantments.
Wands
 A - a wand of clouds (11)
 C - a wand of iceblast (13)
 E - a wand of paralysis (57)
 F - a wand of disintegration (41)
 L - a wand of digging (40)
Scrolls
 c - 2 scrolls of fear
 g - a scroll of amnesia
 o - 10 scrolls of teleportation
 v - 15 scrolls of remove curse
 y - 3 scrolls of holy word
 G - 2 scrolls of acquirement
 J - 3 scrolls of blinking
 V - a scroll of fog
 W - 2 scrolls of magic mapping
 Z - a scroll of silence
Potions
 b - 6 potions of brilliance
 d - a potion of magic
 e - 5 potions of agility
 f - 5 potions of cancellation
 h - 17 potions of curing
 m - 3 potions of flight
 n - a potion of lignification
 q - 3 potions of ambrosia
 x - 5 potions of heal wounds
 z - 6 potions of mutation
 I - a potion of resistance
 M - a potion of invisibility
 X - a potion of might
Books
 t - a book of the Warp

   Spells                             Type                      Level
   a - Gell's Gravitas                Translocation                3
   b - Portal Projectile              Hexes/Translocation          3
   c - Force Lance                    Conjuration/Translocation    4
   d - Dispersal                      Translocation                6
   e - Controlled Blink               Translocation                8
   f - Disjunction                    Translocation                8
 Q - a book of the Earth

   Spells                             Type                      Level
   a - Leda's Liquefaction            Hexes/Earth                  4
   b - Bolt of Magma                  Conjuration/Fire/Earth       5
   c - Statue Form                    Transmutation/Earth          6
   d - Iron Shot                      Conjuration/Earth            6
   e - Shatter                        Earth                        9
Comestibles
 R - 56 rations


   Skills:
 - Level 7.0 Fighting
 - Level 14.0 Dodging
 - Level 2.6 Stealth
 + Level 12.9 Shields
 - Level 14.0 Unarmed Combat
 - Level 5.0 Spellcasting
 - Level 10.0 Transmutations
 * Level 12.2 Earth Magic
 - Level 14.0 Invocations


You had 20 spell levels left.
You knew the following spells:

 Your Spells              Type           Power        Failure   Level  Hunger
w - Statue Form           Tmut/Erth      ######...    13%         6    ######.


Dungeon Overview and Level Annotations

Branches:
Dungeon (15/15)            Temple (1/1) D:4            Lair (6/6) D:11
  Swamp (4/4) Lair:4       Spider (3/4) Lair:4        Slime (0/5) Lair:6
    Orc (2/2) D:9             Elf (0/3) Orc:2        Vaults (0/5) D:14
 Depths (0/5) D:15

Altars:
Ashenzari
Cheibriados
Dithmenos
Elyvilon
Fedhas
Gozag
Hepliaklqana
Kikubaaqudgha
Makhleb
Nemelex Xobeh
Okawaru
Qazlal
Ru
Sif Muna
Trog
Uskayaw
Vehumet
Wu Jian
Xom
Yredelemnul
Zin
The Shining One
Beogh

Shops:
D:6 %**(   Orc:1 [   Orc:2 (=[*

Annotations:
Lair:2 exclusion: oklob plant
Spider:3 Nikola


Innate Abilities, Weirdness & Mutations

You cannot wear most types of armour.
You are very stealthy in the water. (Stealth+)
You are amphibious.
You can wear up to eight rings at the same time.
You can use your tentacles to constrict eight enemies at once.
Your skin changes colour to match your surroundings (Stealth+).
Your rubbery body absorbs attacks. (AC +1, EV +1)
One of your tentacles bears a spike.
You are partially covered in yellow scales. (AC +2)


Message History

You thrash the wolf spider!!!
You kill the wolf spider!
Cheibriados appreciates the change of pace.
You block the jumping spider's attack. x3
The jumping spider completely misses you.
You thrash Nikola!!! You grab Nikola.
You pierce Nikola.
You squeeze Nikola!
Nikola is moderately wounded.
You constrict Nikola. Nikola completely misses you.
You block the jumping spider's attack. x2
You batter Nikola!!
You pierce Nikola.
You tentacle-slap Nikola!! You squeeze Nikola!
Nikola is severely wounded.
You constrict Nikola.
The jumping spider leaps!
Nikola mumbles some strange words.
You hear a mighty clap of thunder!
The lightning arc hits you!
The lightning arc hits Nikola.
The lightning arc hits you!
* * * LOW HITPOINT WARNING * * *
The lightning arc hits Nikola.
The lightning arc hits you!
You die...

#....=##
##.....##
#......#
#...s.##
####..#
#.#..# ###
#....##..##
#...[ยง....#
##...@@..##
####<#...#
.......#
.^........#
.....####..##
..#.. .## .
##. .# ##


You could see Nikola and a jumping spider.

Vanquished Creatures
  Arachne (Spider:2)
  A thorn hunter (Swamp:4)
  Donald (Spider:1)
  2 emperor scorpions (Spider:1)
  2 orc warlords (Orc:2)
  The ghost of Lanoc the Severer, a journeyman HOCK of Beogh (D:15)
  2 entropy weavers
  Josephine (Lair:6)
  A fire dragon (D:15)
  An ettin (D:15)
  A minotaur (Lab)
  2 ice dragons (IceCv)
  Erolcha (D:10)
  4 vault guards (D:14)
  12 hydras
  A death knight (D:13)
  2 ghost crabs
  Harold (Lair:4)
  8 alligators
  A death yak (D:10)
  7 two-headed ogres
  9 orc high priests
  Sonja (Lair:4)
  2 shambling mangroves (Swamp:2)
  14 swamp dragons
  3 spriggan druids (Swamp:4)
  An unseen horror (D:13)
  5 orc knights
  A deep elf archer (D:15)
  3 lindwurms
  A wolf spider zombie (D:13)
  4 manticores
  2 deep elf magi (D:15)
  8 orb spiders
  15 wolf spiders
  4 ugly things
  4 orc sorcerers
  A cyclops (Orc:2)
  A moth of wrath (Spider:2)
  2 black mambas (shapeshifter)
  6 centaur zombies
  11 elephants
  3 black mambas
  2 gargoyles
  2 ice statues (IceCv)
  5 centaur skeletons
  13 spiny frogs
  4 torpor snails
  A redback zombie (D:15)
  10 demonic crawlers
  An efreet (D:13)
  3 rime drakes
  2 hellwings (D:7)
  7 komodo dragons
  2 tengu conjurers
  3 meliai (D:13)
  14 jumping spiders
  5 polar bears
  8 tyrant leeches
  12 slime creatures
  7 trolls
  22 hornets
  A hippogriff (shapeshifter) (D:15)
  6 bog bodies
  3 dream sheep
  5 hippogriffs
  29 redbacks
  2 shadows
  Sigmund (D:6)
  21 tarantellas
  9 wraiths
  2 vampires
  4 basilisks
  19 spriggans
  4 wyverns
  57 yaks
  Grum (D:9)
  A hog (shapeshifter) (D:15)
  2 hungry ghosts
  19 vampire mosquitoes
  Menkaure (D:4)
  18 swamp worms
  11 wargs
  An acid dragon (D:12)
  Edmund (D:6)
  A soldier ant (D:11)
  Duvessa (D:7)
  12 water moccasins
  6 porcupines
  45 orc warriors
  13 swamp drakes
  4 sky beasts
  5 black bears
  2 phantoms
  19 ice beasts
  40 wolves
  13 ogres
  3 boggarts (Lair:6)
  12 centaurs
  11 crocodiles
  5 big kobolds
  16 bullfrogs
  Dowan (D:7)
  A wyvern zombie (D:10)
  A wyvern skeleton (D:7)
  11 scorpions
  A water moccasin skeleton (D:5)
  15 killer bees
  14 wights
  2 howler monkeys (D:14)
  5 electric eels
  3 crimson imps
  4 hounds
  8 jellies
  22 orc priests
  35 orc wizards
  5 bullfrog skeletons
  Ijyb (D:4)
  2 iguanas
  7 worker ants
  17 adders
  4 gnolls (D:5)
  A howler monkey skeleton (D:6)
  12 shadow imps
  A howler monkey simulacrum (D:10)
  13 white imps
  An adder zombie (D:3)
  An adder skeleton (D:4)
  A worm (D:2)
  3 dart slugs
  A leopard gecko (D:6)
  96 orcs
  7 giant cockroaches
  15 goblins
  4 hobgoblins
  8 jackals
  5 quokkas
  A ball python (D:5)
  3 bats
  7 frilled lizards
  A jackal skeleton (D:8)
  19 kobolds
  A quokka skeleton (D:9)
  8 rats
  A fungus (Lair:6)
  A plant (Lair:2)
1073 creatures vanquished.

Vanquished Creatures (others)
  A wolf spider zombie (D:7)
  A lindwurm (Swamp:4)
  16 fungi
  4 plants
  3 withered plants (D:7)
25 creatures vanquished.

Grand Total: 1098 creatures vanquished

Notes
Turn   | Place    | Note
-------+----------+-------------------------------------------
     0 | D:1      | Gigax the Octopode Monk began the quest for the Orb.
     0 | D:1      | Reached XP level 1. HP: 16/16 MP: 1/1
   208 | D:1      | Reached XP level 2. HP: 21/21 MP: 2/2
   605 | D:1      | Reached XP level 3. HP: 21/26 MP: 3/3
  1274 | D:2      | Found a glowing silver altar of Zin.
  1274 | D:2      | Found a shimmering altar of Xom.
  1280 | D:2      | Found a shattered altar of Ashenzari.
  1414 | D:2      | Reached XP level 4. HP: 25/31 MP: 4/4
  2060 | D:3      | Reached skill level 5 in Unarmed Combat
  2745 | D:3      | Reached XP level 5. HP: 29/36 MP: 5/5
  2880 | D:3      | Found a roughly hewn altar of Beogh.
  3152 | D:4      | Noticed Menkaure
  3163 | D:4      | Killed Menkaure
  3163 | D:4      | Reached XP level 6. HP: 23/42 MP: 6/6
  3389 | D:4      | Reached XP level 7. HP: 26/46 MP: 7/7
  3955 | D:4      | Found a staircase to the Ecumenical Temple.
  3959 | Temple   | Entered the Ecumenical Temple
  4118 | D:4      | Noticed Ijyb
  4136 | D:4      | Killed Ijyb
  4450 | D:5      | Entered Level 5 of the Dungeon
  4496 | D:5      | Found an iron altar of Okawaru.
  4497 | D:5      | Found a deep blue altar of Sif Muna.
  4666 | D:5      | Reached XP level 8. HP: 46/52 MP: 8/8
  5181 | D:6      | Found Mestoipsi's Weapon Shoppe.
  5222 | D:6      | Found Dykul's General Store.
  5232 | D:6      | Bought a scroll of identify for 22 gold pieces
  5232 | D:6      | Bought a potion of curing for 33 gold pieces
  5232 | D:6      | Bought a potion of mutation for 88 gold pieces
  5232 | D:6      | Gained mutation: You are partially covered in yellow scales. (AC +2) [potion of mutation]
  5232 | D:6      | Gained mutation: One of your tentacles bears a spike. [potion of mutation]
  5272 | D:6      | Found Nezxasae's Assorted Antiques.
  5275 | D:6      | Bought a scroll of identify for 42 gold pieces
  5275 | D:6      | Bought a scroll of teleportation for 63 gold pieces
  5330 | D:6      | Found Eshree's Antique Weapon Shoppe.
  5469 | D:6      | Found Ifota's Food Shoppe.
  5561 | D:6      | Reached skill level 1 in Shields
  5595 | D:6      | Reached skill level 5 in Dodging
  5675 | D:6      | Noticed Sigmund
  5684 | D:6      | Killed Sigmund
  5701 | D:6      | Noticed Edmund
  5713 | D:6      | Killed Edmund
  5883 | D:6      | Found a snail-covered altar of Cheibriados.
  5884 | D:6      | Found a radiant altar of Vehumet.
  5888 | D:6      | Became a worshipper of Cheibriados the Contemplative
  5888 | D:6      | Reached * piety under Cheibriados
  5888 | D:6      | Reached ** piety under Cheibriados
  5960 | D:7      | Noticed Duvessa
  5961 | D:7      | Noticed Dowan
  5963 | D:7      | Killed Duvessa
  5966 | D:7      | Killed Dowan
  5966 | D:7      | Reached XP level 9. HP: 44/56 MP: 9/9
  6061 | D:7      | Found a glowing golden altar of the Shining One.
  6098 | D:7      | Reached skill level 10 in Unarmed Combat
  6310 | D:7      | Noticed a hellwing
  6321 | D:7      | Reached XP level 10. HP: 58/63 MP: 10/10
  6329 | D:7      | Reached skill level 5 in Shields
  6335 | D:7      | Reached *** piety under Cheibriados
  6819 | D:8      | Reached **** piety under Cheibriados
  6856 | D:8      | Found an opulent altar of Gozag.
  6857 | D:8      | Found a sparkling altar of Nemelex Xobeh.
  6931 | D:8      | Reached skill level 10 in Dodging
  7025 | D:8      | Reached skill level 1 in Invocations
  7476 | D:9      | Noticed a two-headed ogre
  7485 | D:9      | Killed a two-headed ogre
  7498 | D:9      | Reached XP level 11. HP: 59/67 MP: 11/13
  7749 | D:9      | Reached ***** piety under Cheibriados
  7765 | D:9      | Noticed Grum
  7774 | D:9      | Killed Grum
  8305 | D:9      | Found a staircase to the Orcish Mines.
  8359 | D:10     | Entered Level 10 of the Dungeon
  8476 | D:10     | Noticed a manticore
  8486 | D:10     | Killed a manticore
  8529 | D:10     | Reached skill level 5 in Invocations
  8855 | D:10     | Noticed Erolcha
  8859 | D:10     | Killed Erolcha
  8910 | D:10     | Noticed a death yak
  8927 | D:10     | Killed a death yak
  9011 | D:10     | Noticed a three-headed hydra
  9032 | D:10     | Killed a three-headed hydra
  9032 | D:10     | Reached XP level 12. HP: 42/72 MP: 12/17
  9368 | D:11     | Found a staircase to the Lair.
  9612 | D:11     | Noticed a two-headed ogre
  9622 | D:11     | Killed a two-headed ogre
  9841 | D:11     | Noticed a six-headed hydra
  9844 | D:11     | Killed a six-headed hydra
 10214 | Lair:1   | Entered Level 1 of the Lair of Beasts
 10908 | Lair:2   | Found a frozen archway.
 10940 | IceCv    | Entered an ice cave
 10965 | IceCv    | Reached skill level 10 in Invocations
 11033 | IceCv    | Reached ****** piety under Cheibriados
 11048 | IceCv    | Reached XP level 13. HP: 77/77 MP: 20/20
 11106 | IceCv    | Noticed an ice dragon
 11111 | IceCv    | Noticed an ice dragon
 11116 | IceCv    | Killed an ice dragon
 11121 | IceCv    | Killed an ice dragon
 11192 | IceCv    | Found the brooch of Shielding {Reflect SH+8}
 12566 | Lair:3   | Found a labyrinth entrance.
 12579 | Lab      | Entered a labyrinth
 12943 | Lab      | Noticed a minotaur
 12952 | Lab      | Killed a minotaur
 12960 | Lab      | Identified the Handbook of Ice and Conjuration
 12962 | Lab      | Got a polished hand crossbow
 12962 | Lab      | Got an ancient shield
 12964 | Lab      | Identified the +2 hand crossbow of Wixug {freeze, rN+} (You found it in a labyrinth)
 12977 | Lab      | Identified the +5 shield of Lugonu's Pride {rC+ Dex+6} (You found it in a labyrinth)
 13662 | Lair:4   | Noticed Harold
 13667 | Lair:4   | Killed Harold
 14076 | Lair:4   | Found a staircase to the Swamp.
 14124 | Lair:4   | Found a hole to the Spider Nest.
 14187 | Lair:4   | Noticed Sonja
 14193 | Lair:4   | Killed Sonja
 14204 | Lair:4   | Reached skill level 5 in Fighting
 14544 | Lair:4   | Reached skill level 10 in Shields
 15317 | Lair:5   | Reached XP level 14. HP: 90/90 MP: 23/23
 15763 | Lair:6   | Entered Level 6 of the Lair of Beasts
 15816 | Lair:6   | Noticed Josephine
 15826 | Lair:6   | Killed Josephine
 16162 | Lair:6   | Found a staircase to the Slime Pits.
 17232 | Orc:1    | Entered Level 1 of the Orcish Mines
 17521 | Orc:1    | Found a burning altar of Makhleb.
 17896 | Orc:1    | Found Sauc's Antique Armour Shoppe.
 17973 | Orc:1    | Found a roughly hewn altar of Beogh.
 18022 | Orc:2    | Entered Level 2 of the Orcish Mines
 18086 | Orc:2    | Found a staircase to the Elven Halls.
 18171 | Orc:2    | Found Quida's Antique Weapon Shop.
 18211 | Orc:2    | Found Teywoeroma's Jewellery Emporium.
 18213 | Orc:2    | Reached XP level 15. HP: 68/97 MP: 25/25
 18526 | Orc:2    | Bought the ring "Viuf" {*Drain +Inv rC+ rN+++ Str+2} for 644 gold pieces
 18544 | Orc:2    | Noticed an orc warlord
 18569 | Orc:2    | Killed an orc warlord
 18615 | Orc:2    | Found Eggude's Antique Armour Shoppe.
 18695 | Orc:2    | Noticed an orc warlord
 18712 | Orc:2    | Killed an orc warlord
 19056 | Orc:2    | Learned a level 6 spell: Statue Form
 19314 | Orc:2    | Found Bebbaetz's General Store.
 19688 | Orc:2    | Bought the ring of Spontaneous Combustion {EV+3 Str+2 Int+6} for 492 gold pieces
 19688 | Orc:2    | Bought the ring of Wishful Thinking {rPois MR+ Str+3 Int-4 Dex+2} for 244 gold pieces
 19828 | D:12     | Reached skill level 1 in Transmutations
 19828 | D:12     | Reached skill level 1 in Earth Magic
 20099 | D:12     | Reached skill level 1 in Spellcasting
 20680 | D:13     | Found a flagged portal.
 20689 | Bailey   | Entered a bailey
 22110 | D:14     | Found a gate to the Vaults.
 22621 | D:15     | Entered Level 15 of the Dungeon
 22658 | D:15     | Noticed Lanoc's ghost (journeyman HOCK)
 22675 | D:15     | Killed Lanoc's ghost
 23123 | D:15     | Found a staircase to the Depths.
 23136 | D:15     | Reached skill level 5 in Earth Magic
 23138 | D:15     | Reached skill level 5 in Transmutations
 23139 | D:15     | Reached XP level 16. HP: 103/103 MP: 26/26
 23553 | D:15     | Found a shadowy altar of Dithmenos.
 23564 | D:15     | Found the +8 lance "Wyrmbane" {slay drac, rPois rF+ rC+ AC+3}
 24144 | Swamp:1  | Entered Level 1 of the Swamp
 25644 | Swamp:2  | Got a warped lead amulet
 25645 | Swamp:2  | Identified 2 scrolls of acquirement
 25646 | Swamp:2  | Identified the amulet "Ereraitu" {Gourm Str+2 Int+4} (You found it on level 2 of the Swamp)
 26689 | Swamp:4  | Entered Level 4 of the Swamp
 26861 | Swamp:4  | Noticed a thorn hunter
 26878 | Swamp:4  | Killed a thorn hunter
 26878 | Swamp:4  | Reached skill level 5 in Spellcasting
 27147 | Swamp:4  | Reached XP level 17. HP: 82/108 MP: 27/27
 27381 | Swamp:4  | Got a decaying rune of Zot
 28532 | Spider:1 | Entered Level 1 of the Spider Nest
 28730 | Spider:1 | Noticed Donald
 28740 | Spider:1 | Killed Donald
 28840 | Spider:1 | Reached skill level 10 in Transmutations
 28882 | Spider:1 | Reached skill level 10 in Earth Magic
 29819 | Spider:2 | Noticed Arachne
 29838 | Spider:2 | Killed Arachne
 30883 | Spider:3 | Noticed Nikola
 30895 | Spider:3 | Killed from afar by Nikola

Skill      XL: |  1  2  3  4  5  6  7  8  9 10 11 12 13 14 15 16 17 |
---------------+----------------------------------------------------+-----
Unarmed Combat | 4 5 7 8 9 10 11 12 14 | 14.0
Dodging        | 4 6 8 10 11 12 13 14 | 14.0
Shields        | 2 4 6 8 9 10 11 12 | 12.9
Invocations    | 2 6 10 12 13 14 | 14.0
Fighting       | 6 7 |  7.0
Transmutations | 5 8 10 | 10.0
Earth Magic    | 5 8 12 | 12.2
Spellcasting   | 3 5 |  5.0
Stealth        | |  2.6

Action                   |  1- 3 |  4- 6 |  7- 9 | 10-12 | 13-15 | 16-18 || total
-------------------------+-------+-------+-------+-------+-------+-------++-------
Melee: Unarmed           |    62 |    95 |   182 |   357 |   706 |   576 ||  1978
       Tentacles         |    18 |    12 |    35 |   109 |   207 |   210 ||   591
       Constrict         |    17 |    23 |    36 |    63 |   154 |   125 ||   418
       Punch             |       |     2 |    19 |    74 |   150 |   124 ||   369
       Kick              |       |       |    44 |   210 |   388 |   389 ||  1031
Invok: Slouch            |       |       |       |     3 |    14 |     1 ||    18
       Temporal Distorti |       |       |       |     2 |     2 |     1 ||     5
       Bend Time         |       |       |       |     1 |       |       ||     1
       Step From Time    |       |       |       |       |     1 |       ||     1
Evoke: Wand              |       |       |       |     1 |       |       ||     1
  Use: Scroll            |     5 |     3 |    14 |     9 |     6 |     8 ||    45
       Potion            |       |     3 |     1 |     4 |     8 |     3 ||    19
 Stab: Sleeping          |     9 |     8 |     6 |    21 |    53 |    15 ||   112
       Distracted        |     1 |       |     1 |     2 |     8 |     7 ||    19
       Invisible         |       |     1 |     2 |       |       |       ||     3
  Eat: Chunk             |     1 |     3 |     9 |    10 |     8 |     5 ||    36
       Ration            |       |     1 |       |       |     5 |     3 ||     9
Armor: Skin              |     5 |     4 |     9 |    15 |    66 |    33 ||   132
Dodge: Dodged            |    28 |    67 |    95 |   180 |   299 |   414 ||  1083
Block: Buckler           |       |       |    13 |    97 |   467 |   249 ||   826
       Reflection        |       |       |       |       |    14 |     2 ||    16
       Shield            |       |       |       |       |       |   303 ||   303
